 Dungeon Crawl Stone Soup version 0.30-a0-739-gea05faddec (webtiles) character file.

Game seed: 8768312576960529654

51 holysushi the Cudgeller (level 3, 27/27 HPs)
             Began as a Demonspawn Warper on Feb 4, 2023.
             Quit the game on level 2 of the Dungeon.
             The game lasted 00:01:25 (1303 turns).

holysushi the Cudgeller (Demonspawn Warper)         Turns: 1303, Time: 00:01:26

Health: 27/27      AC:  3    Str: 11    XL:     3   Next: 58%
Magic:  15/15      EV: 11    Int: 14    God:
Gold:   71         SH:  0    Dex: 14    Spells: 6/6 levels left

rFire   . . .      SeeInvis .    a - +0 mace
rCold   . . .      Faith    .    (no shield)
rNeg    . . .      Spirit   .    b - +0 leather armour
rPois   .          Reflect  .    (helmet restricted)
rElec   .          Harm     .    (no cloak)
rCorr   .          Rampage  .    (no gloves)
Will    .....                    (no boots)
Stlth   +                        (no amulet)
HPRegen 0.24/turn                h - ring of magical power
MPRegen 0.14/turn                (no ring)

@: no status effects
A: antennae 1, powered by pain 1
a: no special abilities


You were on level 2 of the Dungeon.
You visited 1 branch of the dungeon, and saw 2 of its levels.

You collected 71 gold pieces.

Inventory:

Hand Weapons
 a - a +0 mace (weapon)
Missiles
 d - 7 boomerangs of dispersal (quivered)
Armour
 b - a +0 leather armour (worn)
Jewellery
 h - a ring of magical power (left hand)
Scrolls
 c - a scroll of blinking
 e - a scroll of enchant weapon {unknown}
 g - 2 scrolls of identify {unknown}
 i - 4 scrolls of amnesia {unknown}
 k - a scroll of enchant armour {unknown}
 l - a scroll of immolation {unknown}
 o - a scroll of poison {unknown}
 p - a scroll of teleportation {unknown}
Potions
 f - a potion of cancellation {unknown}
 j - a potion of flight {unknown}
 m - 2 potions of curing {unknown}
 n - 3 potions of heal wounds {unknown}


   Skills:
 - Level 2.0 Fighting
 + Level 3.6 Maces & Flails
 - Level 0.8 Throwing
 - Level 0.8 Armour
 - Level 1.7 Dodging
 - Level 2.0 Spellcasting
 - Level 2.6 Translocations


You had 6 spell levels left.
You didn't know any spells.
Your spell library contained the following spells:

 Spells                   Type           Power      Damage    Failure   Level
 Blink                    Tloc           16%        N/A       16%         2
 Lesser Beckoning         Tloc           16%        N/A       16%         2
 Teleport Other           Tloc           8%         N/A       30%         3
 Vhi's Electric Charge    Tloc/Air       10%        N/A       47%         3
 Manifold Assault         Tloc           8%         N/A       71%         4


Dungeon Overview and Level Annotations

Branches:
Dungeon (2/15) Zot: 10666

Altars:
Yredelemnul


Innate Abilities, Weirdness & Mutations

You have a pair of small antennae on your head.
You sometimes gain a little power by taking damage.


Message History

You closely miss the bat. The bat hits you.
You barely miss the bat. The bat hits you but does no damage.
The bat barely misses you.
You barely miss the bat. The bat closely misses you. x3
You hit the bat.
You kill the bat!
No target in view!
No target in view!
No target in view!
You now have 63 gold pieces (gained 12).
Found a faded altar of an unknown god.
No target in view!
m - 2 red potions (gained 1)
o - a scroll labelled FAUTSI HOOSE
p - a scroll labelled TOSYOG HOBET No target in view!
Things that are here:
an adder corpse; a giant cockroach corpse; an adder corpse You now have 71 gold pieces (gained 8).
Found 3 stones.
No target in view!
A giant cockroach comes into view.
Found 2 viscous grey potions.
Found a scroll labelled RAL MOLERANEH.
The giant cockroach closely misses you.
You hit the giant cockroach.
You punch the giant cockroach, but do no damage.
The giant cockroach is almost dead.
The giant cockroach barely misses you.
The giant cockroach bites you but does no damage.
You closely miss the giant cockroach.
The giant cockroach is almost dead.
The giant cockroach closely misses you.
You barely miss the giant cockroach.
The giant cockroach is almost dead.
The giant cockroach bites you but does no damage.
The giant cockroach bites you.
You hit the giant cockroach.
You kill the giant cockroach!
No target in view!
Are you sure you want to abandon this character and quit the game? (Confirm with "yes".)

#......#......#.....#.#
#8...
#..<...........##.###.####
####. #.................#
#....#### #.
#............(.####
##......###.
##.............#
#..........
##..............#
#..........
....##########..##
#.......... ....# #...#
#.......... ....# #.#@#
#######.... ....# #.#...#
###.# ....# ......... #.#
....# .......(..# ..#
##### ...........# .#
.......!....#
#.#####........ #.?...#..


There were no monsters in sight!

Vanquished Creatures
  2 adders (D:2)
  4 endoplasms
  4 giant cockroaches
  A goblin (D:1)
  3 hobgoblins (D:1)
  4 jackals (D:1)
  5 kobolds
  3 bats
  A frilled lizard (D:1)
  3 rats (D:1)
30 creatures vanquished.

Notes
Turn   | Place    | Note
-------+----------+-------------------------------------------
     0 | D:1      | holysushi the Demonspawn Warper began the quest for the
                  | Orb.
     0 | D:1      | Reached XP level 1. HP: 16/16 MP: 3/3
   128 | D:1      | Reached skill level 2 in Maces & Flails
   324 | D:1      | Gained mutation: You sometimes gain a little power by
                  | taking damage. [demonic ancestry]
   324 | D:1      | Reached XP level 2. HP: 13/22 MP: 5/5
   626 | D:1      | Reached skill level 3 in Maces & Flails
  1052 | D:2      | Found a basalt altar of Yredelemnul.
  1096 | D:2      | Discovered your monstrous ancestry.
  1096 | D:2      | Gained mutation: You have a pair of small antennae on your
                  | head. [demonic ancestry]
  1096 | D:2      | Reached XP level 3. HP: 27/27 MP: 6/6
  1195 | D:2      | Found a faded altar of an unknown god.
  1303 | D:2      | Quit the game

Illustrated notes

Levels and vault maps discovered:
D:1:      dpeg_arrival_castle, layout_basic
D:2:      layout_basic, basic_altar, shapermc_ecumenical_altar_mp_highgroup,
          ebering_dispersal_statue_hall

Skill      XL: |  1  2 |
---------------+-------+-----
Maces & Flails | 2 3 |  3.6
Fighting       | |  2.0
Throwing       | |  0.8
Armour         | |  0.8
Dodging        | |  1.7
Spellcasting   | |  2.0
Translocations | |  2.6

Action                     || total
---------------------------++-------
  Melee: Mace              ||    93
         Punch             ||     4
 Armour: Leather armour    ||    24
  Dodge: Dodged            ||    71

Table legend: (Time is in decaauts)
 A = Elapsed time spent in this place.
 B = Non-inter-level travel time spent in this place.
 C = Inter-level travel time spent in this place.
 D = Time resting spent in this place.
 E = Time spent auto-exploring this place.
 F = Levels seen in this place.
 G = Mean time per level.
                   A        B        C        D        E       F      G
               +--------+--------+--------+--------+--------+-----+--------+
         Total |   1333 |   1315 |     18 |     46 |    962 |   2 |  666.5 |
       Dungeon |   1333 |   1315 |     18 |     46 |    962 |   2 |  666.5 |
               +--------+--------+--------+--------+--------+-----+--------+

Top non-repeatable levels by time:
     D:1: 1076 daAuts
     D:2: 257 daAuts
